Map: 울레나

Players

DarkHydra

  • Race: Terran Terran
  • League: Grandmaster

SoulKey - Winner!

  • Race: Zerg Zerg

Event: Gauntlet LotV Series 1 Qualifier 2

VOD

Have the link to the VOD?

Description

Time

  • Played on: Dec. 5, 2015, 3:15 p.m.
  • Length: 5:40

All games in this series

Show
View Real Time Build Order
Export as new Build Order

DarkHydra Terran 

Build Orders: Liberator Opening, Reaper Expand 

Get SALT Encoding   

  12  0:00  SCV  
  13  0:12  SCV  
  14  0:17  Supply Depot  
  14  0:24  SCV  
  15  0:39  SCV  
  15  0:40  Barracks  
  16  0:44  Refinery  
  16  0:51  SCV  
  17  1:03  SCV  
  18  1:15  SCV  
  19  1:28  Reaper, Orbital Command  
  20  1:44  Command Center  
  20  1:53  SCV  
  21  1:59  Supply Depot  
  21  2:00  Marine  
  22  2:05  SCV  
  23  2:13  Factory  
  23  2:21  SCV  
  24  2:33  SCV, Barracks Reactor  
  25  2:45  SCV, Refinery  
  26  2:57  SCV  
  26  2:58  Supply Depot  
  27  3:01  Orbital Command  
  27  3:06  Bunker  
  27  3:09  SCV  
  28  3:14  Hellion x2  
  28  3:17  Starport  
  28  3:19  Barracks Reactor  
  32  3:32  SCV  
  32  3:33  SCV  
  34  3:36  Hellion x2  
  38  3:45  SCV x2  
  40  3:53  Liberator x2  
  40  3:57  SCV x2  
  40  4:00  Hellion x2  
  46  4:07  Supply Depot  
  46  4:08  Supply Depot  
  46  4:09  SCV  
  47  4:12  Marine  
  54  4:21  Refinery  
  54  4:24  Supply Depot  
  54  4:29  SCV, Hellion x2  
  59  4:35  SCV  
  60  4:40  Armory, Barracks Tech Lab  
  60  4:41  SCV  
  59  4:51  Hellion  
  61  4:59  SCV x2  
  63  5:01  Viking  
  63  5:02  Viking  
  68  5:21  SCV x2  
Show
View Real Time Build Order
Export as new Build Order

SoulKey Zerg - Winner!

Build Orders: Hatch First 

Get SALT Encoding   

  12  0:01  Drone  
  13  0:13  Overlord  
  13  0:18  Drone  
  14  0:32  Drone x2  
  16  0:36  Drone  
  17  0:54  Hatchery  
  16  0:57  Drone  
  16  0:59  Drone  
  18  1:11  Extractor  
  17  1:15  Spawning Pool  
  17  1:17  Drone  
  17  1:20  Drone  
  18  1:30  Drone  
  19  1:40  Overlord  
  19  2:02  Queen, Zergling x4  
  19  2:06  Zergling x2, Queen  
  26  2:13  Metabolic Boost  
  26  2:18  Drone  
  26  2:19  Drone  
  28  2:29  Drone  
  28  2:32  Drone  
  29  2:38  Queen  
  29  2:42  Queen  
  33  2:46  Overlord  
  33  2:50  Overlord  
  33  2:55  Drone  
  33  2:57  Drone  
  35  3:05  Drone x2  
  37  3:10  Drone x2  
  37  3:12  Drone x2  
  41  3:15  Drone  
  41  3:16  Drone  
  41  3:19  Drone  
  45  3:20  Drone  
  45  3:26  Drone x2  
  47  3:31  Drone  
  48  3:40  Hatchery  
  47  3:46  Roach Warren  
  47  3:47  Drone  
  47  3:48  Extractor  
  46  3:49  Extractor  
  46  3:54  Drone x3  
  49  3:55  Drone x2  
  49  3:56  Drone  
  49  4:00  Overlord  
  51  4:03  Overlord  
  51  4:07  Overlord  
  51  4:17  Lair  
  51  4:19  Overlord  
  53  4:31  Roach x6  
  53  4:37  Roach x2  
  67  4:43  Overlord  
  67  4:47  Zergling x4  
  67  4:54  Ravager x2  
  67  4:56  Zergling x14  
  67  4:57  Zergling x2  
  77  5:00  Ravager  
  78  5:12  Spore Crawler, Zergling x8  
  81  5:16  Spore Crawler  
  81  5:19  Ravager x2  
Tags
 
Add a new tag
Caveats
  • Supply blocks, unpowered buildings, or Contaminate may cause inaccurate times.
  • Supply counts are checked every 10 seconds.